 Dungeon Crawl Stone Soup version 0.30.1-9-gdf580d7c3d (webtiles) character file.

Game seed: 7730657449137777053

551 KittyFluff the Covered (level 7, -1/44 HPs)
             Began as a Gargoyle Berserker on Oct 8, 2023.
             Was a Priest of Trog.
             Slain by a kobold brigand
             ... wielding a +2 short sword of distortion
              (3 damage)
             ... on level 4 of the Dungeon.
             The game lasted 00:13:30 (3120 turns).

KittyFluff the Covered (Gargoyle Berserker)         Turns: 3120, Time: 00:13:31

Health: -1/44      AC: 11    Str: 23    XL:     7   Next: 29%
Magic:  7/7        EV: 11    Int:  7    God:    Trog [***...]
Gold:   200        SH:  6    Dex:  9    Spells: 6/6 levels left

rFire   . . .        a - +0 mace
rCold   . . .        d - +2 buckler
rNeg    + . .        t - +0 leather armour
rPois   ∞            (no helmet)
rElec   +            (no cloak)
rCorr   .            y - +1 pair of gloves
SInv    .            f - +0 pair of boots
Will    .....        s - amulet of the acrobat
Stlth   +            (no ring)
HPRegen 0.27/turn    (no ring)
MPRegen 0.10/turn

%: acrobat
@: on berserk cooldown, slowed, very slow
A: sickness immunity, AC +4, negative energy resistance 1, electricity
resistance, torment resistance 1, petrification resistance
a: Renounce Religion, Berserk, Trog's Hand


You were on level 4 of the Dungeon.
You worshipped Trog.
Trog was most pleased with you.
You visited 1 branch of the dungeon, and saw 4 of its levels.

You collected 200 gold pieces.

Inventory:

Hand Weapons
 a - a +0 mace (weapon)
 o - a +0 sling
 p - a +0 quarterstaff
 x - a +0 dire flail
Missiles
 z - 2 boomerangs (quivered)
Armour
 d - a +2 buckler (worn)
 f - a +0 pair of boots (worn)
 t - a +0 leather armour (worn)
 y - a +1 pair of gloves (worn)
Jewellery
 s - an amulet of the acrobat (around neck)
Wands
 v - a wand of digging (3)
Scrolls
 b - a scroll of noise {unknown}
 c - 10 scrolls of identify {unknown}
 i - 2 scrolls of poison {unknown}
 q - 2 scrolls of teleportation
 w - a scroll of fog {unknown}
Potions
 e - a potion of haste {unknown}
 g - a potion of might {unknown}
 h - 3 potions of flight {unknown}
 j - a potion of brilliance {unknown}
 k - 2 potions of heal wounds {unknown}
 l - 2 potions of cancellation {unknown}
 m - a potion of lignification {unknown}
 n - 4 potions of attraction {unknown}
 r - a potion of degeneration {unknown}
 u - 2 potions of resistance {unknown}


   Skills:
 + Level 4.5 Fighting
 * Level 5.0 Maces & Flails
 * Level 5.0 Armour
 + Level 2.7 Dodging
 + Level 2.7 Shields


You had 6 spell levels left.
You didn't know any spells.
Your spell library was empty.

Dungeon Overview and Level Annotations

Branches:
Dungeon (4/15)
 Temple: D:4-7

Altars:

Portals:
Abyss: D:4

Annotations:
D:4 1 transporter


Innate Abilities, Weirdness & Mutations

You are immune to sickness and miasma.
Your stone body is resilient. (AC +4)
You are immune to poison.
You resist negative energy. (rN+)
You are resistant to electric shocks. (rElec)
You are resistant to unholy torment.
You are immune to petrification.


Message History

You sock mkat's ghost!
Mkat's ghost is severely damaged.
Mkat's ghost freezes you.
You are frozen.
* * * LOW HITPOINT WARNING * * *
You miss mkat's ghost.
Mkat's ghost is severely damaged.
You block mkat's ghost's attack.
You closely miss mkat's ghost.
Mkat's ghost is severely damaged.
Mkat's ghost freezes you.
You are frozen.
* * * LOW HITPOINT WARNING * * *
You sock mkat's ghost!
You destroy mkat's ghost!
Trog accepts your kill.
Trog appreciates your killing of a magic user.
Your Maces & Flails skill increases to level 5!
Your Armour skill increases to level 5!
You have reached level 7!
You barely miss the kobold brigand. You sock the kobold brigand!
The kobold brigand is heavily wounded.
The kobold brigand barely misses you.
You barely miss the kobold brigand.
The kobold brigand is heavily wounded.
The kobold brigand barely misses you.
You hit the kobold brigand.
The kobold brigand is severely wounded.
The kobold brigand closely misses you.
You barely miss the kobold brigand.
The kobold brigand is severely wounded.
You are no longer berserk.
You are exhausted.
You feel yourself slow down.
You hit the kobold brigand.
The kobold brigand is almost dead.
The kobold brigand hits you but does no damage.
Space warps around you.
You die...

#...##.......#..##....#
###....##.^.....#..##...#
........#.?.∩...#x.©#...#
.##..[###...###x...##..##
.##..##.. ###.##.^ #...#
.##..#...##....#. #(..#
.##..#..##...### ##..#
.....##.##..##.####.#..#
.##...#x.#..#(..@K.##..#
.##...#.##..##..####...#
.##...###....####©.....#
.##...........##.......#
.......................#
##.....................#
#.###........###.##.###
#.# #.[####### #....# #.#
#..# ####.#


You could see a kobold brigand.

Vanquished Creatures
  The ghost of mkat the Magician, a novice SpIE (D:4)
  An ogre (D:4)
  A sky beast (D:4)
  A hound (D:4)
  An orc wizard (D:3)
  An adder (D:2)
  A worm (D:3)
  2 dart slugs
  5 orcs
  7 ball pythons
  2 bats
  9 endoplasms
  4 giant cockroaches
  8 goblins
  5 hobgoblins
  6 jackals
  9 quokkas
  5 frilled lizards
  10 kobolds
  8 rats
87 creatures vanquished.

Notes
Turn   | Place    | Note
-------+----------+-------------------------------------------
     0 | D:1      | KittyFluff the Gargoyle Berserker began the quest for the
                  | Orb.
     0 | D:1      | Reached XP level 1. HP: 14/14 MP: 1/1
   196 | D:1      | Reached XP level 2. HP: 19/19 MP: 2/2
   391 | D:1      | Reached XP level 3. HP: 23/23 MP: 3/3
   460 | D:1      | Reached ** piety under Trog
  1119 | D:2      | You fall into a shaft and drop 1 floor!
  1155 | D:3      | Reached XP level 4. HP: 28/28 MP: 4/4
  1295 | D:2      | Reached skill level 1 in Shields
  1800 | D:3      | Reached *** piety under Trog
  1806 | D:3      | Reached XP level 5. HP: 23/33 MP: 5/5
  1908 | D:3      | Found a faded altar of an unknown god.
  2495 | D:4      | Found a transporter.
  2503 | D:4      | Found a transporter.
  2539 | D:4      | Found a one-way gate to the infinite horrors of the Abyss.
  2539 | D:4      | Noticed a small abomination
  2539 | D:4      | Noticed mkat's ghost (novice SpIE)
  2672 | D:4      | Noticed an ogre
  2692 | D:4      | Killed an ogre
  2693 | D:4      | Reached XP level 6. HP: 8/38 MP: 6/6
  2914 | D:4      | Noticed a sky beast
  2947 | D:4      | Killed a sky beast
  3113 | D:4      | HP: 1/57 [frozen (4)]
  3114 | D:4      | Killed mkat's ghost
  3115 | D:4      | Reached skill level 5 in Maces & Flails
  3115 | D:4      | Reached skill level 5 in Armour
  3115 | D:4      | Reached XP level 7. HP: 2/44 MP: 7/7
  3120 | D:4      | Slain by a kobold brigand

Illustrated notes

Levels and vault maps discovered:
D:1:      mrwooster_arrival_statue_3, layout_rooms
D:2:      layout_loops_ring, minmay_tetromino_t2
D:3:      layout_rooms, nicolae_ecumenical_lake_church,
          amcnicky_mini_corridor_feature, serial_bayou_pond_e
D:4:      layout_loops_ring, gammafunk_ghost_abyssal_escape, minmay_box_of_dots

Skill      XL: |  1  2  3  4  5  6 |
---------------+-------------------+-----
Armour         | 3 4 5 |  5.0
Shields        | 1 2 |  2.7
Dodging        | 2 |  2.7
Maces & Flails | 4 5 |  5.0
Fighting       | 4 |  4.5

Action                     |  1- 3 |  4- 6 |  7- 9 || total
---------------------------+-------+-------+-------++-------
  Melee: Mace              |   131 |   202 |     6 ||   339
  Throw: Throwing net      |     1 |       |       ||     1
 Invoke: Berserk           |       |     2 |       ||     2
 Armour: Animal skin       |    41 |    38 |       ||    79
         Leather armour    |       |    36 |     1 ||    37
  Dodge: Dodged            |    61 |    70 |     3 ||   134
  Block: Buckler           |    25 |    46 |       ||    71
